[Event "23rd Alekhine FIDE 2019"]
[Site "Voronezh"]
[Date "2019.06.20"]
[Round "9.13"]
[White "Yakimenko, Alexander A."]
[Black "Usacheva, Glafira"]
[Result "1/2-1/2"]
[ECO "B51"]
[WhiteElo "2072"]
[BlackElo "1866"]
[Annotator "NA"]
[PlyCount "91"]
[EventDate "2019.06.12"]
[EventType "swiss"]
[EventCountry "RUS"]
[SourceTitle "playchess.com"]
[Source "ChessBase"]
[SourceQuality "1"]
[TimeControl "40/5400+30:1800+30"]

1. e4 c5 2. Nf3 d6 3. Bb5+ Nd7 4. c3 Ngf6 5. Qe2 a6 6. Ba4 e6 7. O-O Be7 8. d4 cxd4 9. cxd4 O-O 10. Nc3 b5 11. Bc2 Bb7 12. a3 Rc8 13. Rd1 Qc7 14. Bf4 Rfe8 15. Rac1 Qb8 16. Re1 Bf8 17. Bb1 Nb6 18. Nd2 e5 19. dxe5 dxe5 20. Bg5 Be7 21. Ba2 h6 22. Bh4 Rc7 23. Bg3 Bd6 24. Bh4 Be7 25. Bg3 Bd6 26. Bb3 Rec8 27. Bh4 Be7 28. Bg3 Bd6 29. Na2 Rxc1 30. Rxc1 Rxc1+ 31. Nxc1 Qc7 32. Na2 Nbd7 33. f3 Bc5+ 34. Bf2 Bxf2+ 35. Kxf2 Nc5 36. Nb4 Qd6 37. Bc2 a5 38. Nd3 Ne6 39. Ne1 Qd4+ 40. Qe3 Qxb2 41. Qb6 Qd4+ 42. Qxd4 Nxd4 43. Bd1 Nd7 44. Ke3 g5 45. Nd3 f6 46. Nb3 1/2-1/2

[Event "23rd Alekhine FIDE 2019"]
[Site "Voronezh"]
[Date "2019.06.20"]
[Round "9.14"]
[White "Vasiliev, Maxim"]
[Black "Al-Hajiri, Bader"]
[Result "1-0"]
[ECO "C26"]
[WhiteElo "1898"]
[BlackElo "2121"]
[Annotator "NA"]
[PlyCount "59"]
[EventDate "2019.06.12"]
[EventType "swiss"]
[EventCountry "RUS"]
[SourceTitle "playchess.com"]
[Source "ChessBase"]
[SourceQuality "1"]
[TimeControl "40/5400+30:1800+30"]

1. e4 e5 2. Nc3 Nf6 3. Bc4 Bb4 4. d3 d5 5. exd5 Nxd5 6. Nge2 Be6 7. O-O Nc6 8. a3 Bxc3 9. bxc3 O-O 10. Rb1 a6 11. Rxb7 Nb6 12. Bxe6 fxe6 13. Be3 Qc8 14. Rxb6 cxb6 15. Bxb6 Ne7 16. d4 Nd5 17. Bc5 Rf7 18. Qd3 Qc6 19. Qe4 Rc8 20. Qxe5 Rf5 21. Qg3 h6 22. f4 Nf6 23. Qf3 Qa4 24. Ng3 Rd5 25. Qe2 Rc6 26. Rb1 Rd7 27. Ne4 Nd5 28. Rb8+ Kh7 29. Ng5+ Kg6 30. Qe4+ 1-0